Map: Ever Dream LE

Players

goblin

  • Race: Protoss Protoss
  • League: Master
  • Spawn Location: 1:00

SortOf - Winner!

  • Race: Zerg Zerg
  • Spawn Location: 7:00

Event: StayAtHomestory Cup #1

VOD

Have the link to the VOD?

Description

Time

  • Played on: April 11, 2020, 7:39 a.m.
  • Length: 6:11

All games in this series

Show
View Real Time Build Order
Export as new Build Order

goblin Protoss 

Build Orders: Nexus First, Blink Stalkers 

Get SALT Encoding   

  12  0:00  Probe  
  13  0:12  Probe  
  14  0:18  Pylon  
  14  0:25  Probe (Chrono Boost)  
  15  0:37  Probe (Chrono Boost)  
  16  0:44  Probe (Chrono Boost)  
  17  0:53  Probe  
  18  1:00  Nexus  
  18  1:11  Gateway  
  18  1:13  Probe  
  18  1:18  Assimilator  
  19  1:24  Assimilator  
  19  1:27  Probe (Chrono Boost)  
  20  1:34  Pylon  
  20  1:39  Probe (Chrono Boost)  
  21  1:45  Probe (Chrono Boost)  
  22  1:53  Probe  
  23  1:58  Cybernetics Core  
  23  2:00  Zealot  
  25  2:05  Probe (Chrono Boost)  
  26  2:12  Probe (Chrono Boost)  
  27  2:17  Probe (Chrono Boost)  
  27  2:22  Probe (Chrono Boost)  
  29  2:24  Probe (Chrono Boost)  
  29  2:27  Probe (Chrono Boost)  
  31  2:31  Gateway  
  31  2:32  Probe  
  31  2:36  Sentry  
  34  2:38  Warp Gate  
  34  2:39  Probe  
  35  2:44  Probe  
  35  2:46  Twilight Council  
  35  2:51  Probe  
  37  2:56  Probe  
  38  3:01  Pylon  
  38  3:03  Probe (Chrono Boost)  
  39  3:09  Stalker  
  42  3:13  Probe (Chrono Boost), Pylon  
  42  3:15  Probe (Chrono Boost)  
  42  3:18  Blink (Chrono Boost)  
  43  3:22  Pylon  
  43  3:23  Probe (Chrono Boost)  
  43  3:24  Probe (Chrono Boost)  
  45  3:29  Probe  
  45  3:31  Gateway  
  46  3:39  Gateway  
  46  3:40  Gateway  
  46  3:52  Gateway  
  46  3:54  Gateway x2  
  46  3:59  Probe  
  46  4:00  Probe, Assimilator  
  48  4:10  Pylon  
  48  4:15  Pylon  
  47  4:25  Probe  
  48  4:33  Stalker x3  
  48  4:35  Stalker x2  
  48  4:36  Probe  
  58  4:48  Stalker  
  58  4:49  Stalker x2  
  58  4:50  Pylon  
  64  4:58  Stalker x2  
  64  4:59  Pylon  
  68  5:06  Stalker  
  70  5:19  Stalker x2  
  70  5:20  Stalker x3  
  80  5:25  Pylon  
  62  5:53  Stalker x5  
Show
View Real Time Build Order
Export as new Build Order

SortOf Zerg - Winner!

Build Orders: Hatch First 

Get SALT Encoding   

  12  0:00  Drone  
  13  0:13  Overlord  
  13  0:17  Drone  
  14  0:32  Drone x2  
  16  0:48  Hatchery  
  15  0:52  Drone  
  15  0:55  Drone  
  17  0:58  Drone  
  18  1:10  Extractor  
  17  1:14  Spawning Pool  
  17  1:17  Drone  
  17  1:21  Drone  
  18  1:30  Drone  
  19  1:39  Drone  
  20  1:50  Hatchery  
  20  1:52  Drone  
  20  2:01  Queen  
  20  2:02  Zergling x2  
  20  2:06  Drone  
  24  2:13  Queen  
  26  2:18  Overlord  
  26  2:21  Drone  
  27  2:27  Drone  
  28  2:36  Queen  
  28  2:38  Drone x2  
  28  2:42  Drone  
  33  2:46  Drone x2  
  33  2:49  Metabolic Boost  
  35  2:54  Drone  
  35  2:57  Overlord  
  36  3:04  Queen  
  38  3:10  Drone  
  38  3:11  Drone  
  40  3:13  Zergling x2  
  40  3:14  Zergling x2  
  40  3:18  Queen  
  40  3:19  Drone  
  45  3:23  Drone x3  
  48  3:33  Drone, Roach Warren  
  48  3:40  Overlord  
  48  3:42  Overlord  
  48  3:44  Drone x2  
  48  3:47  Overlord  
  50  3:55  Extractor  
  50  3:57  Drone  
  50  4:00  Overlord  
  50  4:03  Drone x5  
  50  4:04  Drone  
  50  4:05  Drone x2  
  50  4:09  Extractor  
  57  4:12  Overlord  
  57  4:16  Roach x3  
  63  4:23  Roach x3  
  69  4:27  Overlord  
  69  4:30  Roach  
  71  4:33  Overlord  
  71  4:34  Roach  
  72  4:39  Roach, Overlord  
  72  4:40  Zergling x2  
  72  4:44  Zergling x4  
  77  4:48  Zergling x6  
  80  4:55  Zergling x10  
  80  4:56  Ravager  
  86  5:01  Overlord  
  86  5:03  Zergling x6  
  86  5:05  Ravager x2  
  91  5:08  Zergling x4  
  91  5:10  Zergling x2  
  95  5:14  Zergling x2  
  95  5:19  Zergling x6  
  94  5:25  Zergling x4  
  94  5:26  Zergling x4  
  96  5:41  Zergling x2  
  89  5:43  Zergling x18  
  92  5:58  Spore Crawler  
Tags
 
Add a new tag
Caveats
  • Supply blocks, unpowered buildings, or Contaminate may cause inaccurate times.
  • Supply counts are checked every 10 seconds.